SL
VANCOUVER GREY WOLVES @ D.C. DIVIDED
06/22/2027
 
TOP OF THE 1ST
Vancouver Grey Wolves batting - Pitching for D.C. Divided : LHP Leslie Brooks
Pitching: LHP Leslie Brooks
Batting: RHB Danny Walsh 0-0: Fly out, F9 (Flyball, 9LS)
Batting: RHB Hank Scorpio 0-0: Ball
1-0: Called Strike
1-1: Called Strike
1-2: SINGLE (Groundball, 34) (infield hit)
Batting: RHB Robert O'Connor 0-0: Called Strike
0-1: Ball
1-1: Called Strike
1-2: Strikes out swinging
Hank Scorpio is caught stealing 2nd base
Batter strikes out.
Top of the 1st over - 0 run(s), 1 hit(s), 0 error(s), 0 left on base; Vancouver 0 - D.C. 0
BOTTOM OF THE 1ST
D.C. Divided batting - Pitching for Vancouver Grey Wolves : LHP Gerardo Pagán
Pitching: LHP Gerardo Pagán
Batting: RHB Roberto Maestas 0-0: Ground out 6-3 (Groundball, 6)
Batting: RHB Tony Romero 0-0: Ball
1-0: SINGLE (Line Drive, 89S)
Batting: RHB Arturo Rodríguez 0-0: Ball
1-0: Swinging Strike
1-1: Ball
2-1: Ball
3-1: Grounds into double play, 5-4-3 (Groundball, 56)
Bottom of the 1st over - 0 run(s), 1 hit(s), 0 error(s), 0 left on base; Vancouver 0 - D.C. 0
TOP OF THE 2ND
Vancouver Grey Wolves batting - Pitching for D.C. Divided : LHP Leslie Brooks
Batting: RHB Logan Namajunas 0-0: Swinging Strike
0-1: SINGLE (Groundball, 34D)
Batting: RHB Frank Grimes 0-0: Ball
1-0: Ball
2-0: Fly out, F9 (Flyball, 9S)
Batting: LHB Aquiles Marmelo 0-0: Called Strike
Logan Namajunas is caught stealing 2nd base
0-1: Fly out, F8 (Flyball, 8RD)
Top of the 2nd over - 0 run(s), 1 hit(s), 0 error(s), 0 left on base; Vancouver 0 - D.C. 0
BOTTOM OF THE 2ND
D.C. Divided batting - Pitching for Vancouver Grey Wolves : LHP Gerardo Pagán
Batting: RHB Mario Castillo 0-0: Swinging Strike
0-1: Foul Ball, location: 2F
0-2: Strikes out swinging
Batting: LHB Neil Lawson 0-0: Called Strike
0-1: Ball
1-1: Ball
2-1: Ball
3-1: Base on Balls
Batting: RHB Julián Salcido 0-0: Ground out 5-3 (Groundball, 56S)
Neil Lawson to second
Batting: LHB Mike Gardner 0-0: Called Strike
0-1: Foul Ball, location: 2F
0-2: Foul Ball, location: 2F
0-2: Ball
1-2: Ball
2-2: Foul Ball, location: 2F
2-2: Fly out, F4 (Line Drive, 4)
Bottom of the 2nd over - 0 run(s), 0 hit(s), 0 error(s), 1 left on base; Vancouver 0 - D.C. 0
TOP OF THE 3RD
Vancouver Grey Wolves batting - Pitching for D.C. Divided : LHP Leslie Brooks
Batting: RHB Steve Dunn 0-0: Ball
1-0: Fly out, F7 (Line Drive, 78M)
Batting: RHB Pau Arria 0-0: Swinging Strike
0-1: Ball
1-1: Foul Ball, location: 2F
1-2: Fly out, F7 (Line Drive, 7)
Batting: LHB Michael Malloy 0-0: Called Strike
0-1: Called Strike
0-2: Strikes out looking
Top of the 3rd over - 0 run(s), 0 hit(s), 0 error(s), 0 left on base; Vancouver 0 - D.C. 0
BOTTOM OF THE 3RD
D.C. Divided batting - Pitching for Vancouver Grey Wolves : LHP Gerardo Pagán
Batting: RHB Daryl Moran 0-0: Ball
1-0: Ball
2-0: Called Strike
2-1: Ball
3-1: Base on Balls
Batting: RHB Nate Cates 0-0: Called Strike
0-1: Ball
1-1: Grounds into double play, 5-4-3 (Groundball, 56)
Batting: RHB Roberto Maestas 0-0: Ball
1-0: Swinging Strike
1-1: Swinging Strike
1-2: Foul Ball, location: 2F
1-2: Ground out 5-3 (Groundball, 56)
Bottom of the 3rd over - 0 run(s), 0 hit(s), 0 error(s), 0 left on base; Vancouver 0 - D.C. 0
TOP OF THE 4TH
Vancouver Grey Wolves batting - Pitching for D.C. Divided : LHP Leslie Brooks
Batting: RHB Danny Walsh 0-0: Swinging Strike
0-1: Ground out 3-1 (Groundball, 34S)
Batting: RHB Hank Scorpio 0-0: Ball
1-0: SINGLE (Line Drive, 56)
Batting: RHB Robert O'Connor 0-0: Foul Ball, location: 2F
0-1: Fly out, F8 (Flyball, 8LS)
Batting: RHB Logan Namajunas 0-0: Called Strike
0-1: Ball
1-1: Ball
2-1: Foul Ball, location: 2F
2-2: Strikes out swinging
Top of the 4th over - 0 run(s), 1 hit(s), 0 error(s), 1 left on base; Vancouver 0 - D.C. 0
BOTTOM OF THE 4TH
D.C. Divided batting - Pitching for Vancouver Grey Wolves : LHP Gerardo Pagán
Batting: RHB Tony Romero 0-0: Ball
1-0: Called Strike
1-1: Fly out, F6 (Flyball, 4MD)
Batting: RHB Arturo Rodríguez 0-0: Ball
1-0: Ball
2-0: Called Strike
2-1: Ground out 5-3 (Groundball, 56)
Batting: RHB Mario Castillo 0-0: Called Strike
0-1: Ball
1-1: Swinging Strike
1-2: SINGLE (Line Drive, 56D)
Batting: LHB Neil Lawson 0-0: SINGLE (Groundball, 34D)
Mario Castillo to second
Runner from 2nd tries for 3rd, SAFE, throw made to third
Batting: RHB Julián Salcido 0-0: Ball
1-0: Fly out, F4 (Popup, 4S)
Bottom of the 4th over - 0 run(s), 2 hit(s), 0 error(s), 2 left on base; Vancouver 0 - D.C. 0
TOP OF THE 5TH
Vancouver Grey Wolves batting - Pitching for D.C. Divided : LHP Leslie Brooks
Batting: RHB Frank Grimes 0-0: Ball
1-0: Called Strike
1-1: Fly out, F6 (Line Drive, 56)
Batting: LHB Aquiles Marmelo 0-0: Ball
1-0: Ball
2-0: Called Strike
2-1: Foul Ball, location: 2F
2-2: Foul Ball, location: 2F
2-2: Strikes out swinging
Batting: RHB Steve Dunn 0-0: Called Strike
0-1: Fly out, F8 (Flyball, 8RD)
Top of the 5th over - 0 run(s), 0 hit(s), 0 error(s), 0 left on base; Vancouver 0 - D.C. 0
BOTTOM OF THE 5TH
D.C. Divided batting - Pitching for Vancouver Grey Wolves : LHP Gerardo Pagán
Batting: LHB Mike Gardner 0-0: Ball
1-0: Called Strike
1-1: Fly out, F8 (Flyball, 78XD)
Batting: RHB Daryl Moran 0-0: Called Strike
0-1: Ball
1-1: Called Strike
1-2: SINGLE (Flyball, 8RS)
Batting: RHB Nate Cates 0-0: Ball
1-0: Foul Ball, location: 2F
1-1: Ball
2-1: Foul Ball, location: 2F
2-2: SINGLE (Groundball, 56D)
Daryl Moran to second
Batting: RHB Roberto Maestas 0-0: Ball
Wild Pitch!
Daryl Moran to third
Nate Cates to second
1-0: Fly out, F7 (Flyball, 7S)
Batting: RHB Tony Romero 0-0: Ball
1-0: Foul Ball, location: 2F
1-1: Ball
2-1: Ground out 6-3 (Groundball, 6)
Bottom of the 5th over - 0 run(s), 2 hit(s), 0 error(s), 2 left on base; Vancouver 0 - D.C. 0
TOP OF THE 6TH
Vancouver Grey Wolves batting - Pitching for D.C. Divided : LHP Leslie Brooks
Batting: RHB Pau Arria 0-0: Ball
1-0: Fly out, F6 (Popup, 6MD)
Batting: LHB Michael Malloy 0-0: Ball
1-0: Foul Ball, location: 2F
1-1: Foul Ball, location: 2F
1-2: Ground out 4-3 (Groundball, 4)
Batting: RHB Danny Walsh 0-0: Called Strike
0-1: Ball
1-1: Foul Ball, location: 2F
1-2: Ball
2-2: Ball
3-2: SINGLE (Groundball, 34D)
Batting: RHB Hank Scorpio 0-0: Called Strike
0-1: Called Strike
0-2: Ball
1-2: Ball
2-2: Ground out U3 (Groundball, 34)
Top of the 6th over - 0 run(s), 1 hit(s), 0 error(s), 1 left on base; Vancouver 0 - D.C. 0
BOTTOM OF THE 6TH
D.C. Divided batting - Pitching for Vancouver Grey Wolves : LHP Gerardo Pagán
Batting: RHB Arturo Rodríguez 0-0: Foul Ball, location: 2F
0-1: Foul Ball, location: 2F
0-2: Strikes out looking
Batting: RHB Mario Castillo 0-0: Called Strike
0-1: Ball
1-1: Foul Ball, location: 2F
1-2: Ball
2-2: Ball
3-2: Foul Ball, location: 2F
3-2: Foul Ball, location: 2F
3-2: Base on Balls
Batting: LHB Neil Lawson 0-0: Ball
1-0: Ball
2-0: Called Strike
2-1: Ground out 5-3 (Groundball, 56S)
Mario Castillo to second
Batting: RHB Julián Salcido 0-0: Foul Ball, location: 2F
0-1: Ground out 1-3 (Groundball, 13)
Bottom of the 6th over - 0 run(s), 0 hit(s), 0 error(s), 1 left on base; Vancouver 0 - D.C. 0
TOP OF THE 7TH
Vancouver Grey Wolves batting - Pitching for D.C. Divided : LHP Leslie Brooks
Batting: RHB Robert O'Connor 0-0: Called Strike
0-1: Ball
1-1: Ground out 6-3 (Groundball, 6)
Batting: RHB Logan Namajunas 0-0: Ball
1-0: Called Strike
1-1: Swinging Strike
1-2: Hit by Pitch
Batting: RHB Frank Grimes 0-0: Foul Ball, location: 2F
0-1: Called Strike
Balk!
Logan Namajunas to second
0-2: Strikes out swinging
Batting: LHB Aquiles Marmelo 0-0: Called Strike
0-1: Ball
1-1: Swinging Strike
1-2: Strikes out looking
Top of the 7th over - 0 run(s), 0 hit(s), 0 error(s), 1 left on base; Vancouver 0 - D.C. 0
BOTTOM OF THE 7TH
D.C. Divided batting - Pitching for Vancouver Grey Wolves : LHP Gerardo Pagán
Batting: LHB Mike Gardner 0-0: Swinging Strike
0-1: Ball
1-1: Swinging Strike
1-2: Ball
2-2: Ball
3-2: Foul Ball, location: 2F
3-2: Foul Ball, location: 2F
3-2: Strikes out swinging
Batting: RHB Daryl Moran 0-0: Ball
1-0: Ball
2-0: Ball
3-0: Base on Balls
Batting: RHB Nate Cates 0-0: Ball
1-0: Foul Ball, location: 2F
1-1: Fly out, F8 (Flyball, 89M)
Batting: RHB Roberto Maestas 0-0: Ball
1-0: Ball
2-0: Foul Ball, location: 2F
2-1: Ball
3-1: Called Strike
3-2: Base on Balls
Daryl Moran to second
Batting: RHB Tony Romero 0-0: Ball
1-0: Foul Ball, location: 2F
1-1: Swinging Strike
1-2: Strikes out swinging
Bottom of the 7th over - 0 run(s), 0 hit(s), 0 error(s), 2 left on base; Vancouver 0 - D.C. 0
TOP OF THE 8TH
Vancouver Grey Wolves batting - Pitching for D.C. Divided : LHP Leslie Brooks
Batting: RHB Steve Dunn 0-0: Called Strike
0-1: Swinging Strike
0-2: Ball
1-2: Strikes out swinging
Batting: RHB Pau Arria 0-0: Ball
1-0: Ground out 5-3 (Groundball, 56S)
Batting: LHB Michael Malloy 0-0: Ball
1-0: Fly out, F4 (Line Drive, 4)
Top of the 8th over - 0 run(s), 0 hit(s), 0 error(s), 0 left on base; Vancouver 0 - D.C. 0
BOTTOM OF THE 8TH
D.C. Divided batting - Pitching for Vancouver Grey Wolves : LHP Gerardo Pagán
Pitching: RHP Nelle Liefting
Batting: RHB Arturo Rodríguez 0-0: Ball
1-0: Foul Ball, location: 2F
1-1: Ball
2-1: Ball
3-1: Fly out, F7 (Flyball, 7S)
Batting: RHB Mario Castillo 0-0: Ball
1-0: Ball
2-0: Fly out, F9 (Flyball, 9S)
Batting: LHB Neil Lawson 0-0: Ball
1-0: SINGLE (Groundball, 34D)
Batting: RHB Julián Salcido 0-0: Called Strike
0-1: Called Strike
0-2: Ball
1-2: Strikes out looking
Bottom of the 8th over - 0 run(s), 1 hit(s), 0 error(s), 1 left on base; Vancouver 0 - D.C. 0
TOP OF THE 9TH
Vancouver Grey Wolves batting - Pitching for D.C. Divided : LHP Leslie Brooks
Batting: RHB Danny Walsh 0-0: Foul Ball, location: 2F
0-1: Ball
1-1: Called Strike
1-2: Ball
2-2: Ground out 6-3 (Groundball, 6)
Batting: RHB Hank Scorpio 0-0: Ground out 5-3 (Groundball, 5S)
Batting: RHB Robert O'Connor 0-0: Ball
1-0: Ball
2-0: Called Strike
2-1: Fly out, F6 (Line Drive, 56D)
Top of the 9th over - 0 run(s), 0 hit(s), 0 error(s), 0 left on base; Vancouver 0 - D.C. 0
BOTTOM OF THE 9TH
D.C. Divided batting - Pitching for Vancouver Grey Wolves : RHP Nelle Liefting
Batting: LHB Mike Gardner 0-0: Ball
1-0: Swinging Strike
1-1: Foul Ball, location: 2F
1-2: Ball
2-2: Strikes out swinging
Batting: RHB Daryl Moran 0-0: Ball
1-0: Foul Ball, location: 2F
1-1: Foul Ball, location: 2F
1-2: Ball
2-2: Foul Ball, location: 2F
2-2: Fly out, F9 (Flyball, 9S)
Pinch Hitting: LHB Charles Mathes 0-0: Ball
1-0: Ball
2-0: Called Strike
2-1: Ground out 3-1 (Groundball, 34)
Bottom of the 9th over - 0 run(s), 0 hit(s), 0 error(s), 0 left on base; Vancouver 0 - D.C. 0
TOP OF THE 10TH
Vancouver Grey Wolves batting - Pitching for D.C. Divided : LHP Leslie Brooks
Now at 3B: Rubén Alvarado
Batting: RHB Logan Namajunas 0-0: Fly out, F7 (Flyball, 78S)
Batting: RHB Frank Grimes 0-0: Swinging Strike
0-1: Fly out, F8 (Flyball, 8LD)
Batting: LHB Aquiles Marmelo 0-0: Ball
1-0: Ball
2-0: Ball
3-0: Base on Balls
Pitching: RHP Gabriel Hidalgo
Batting: RHB Steve Dunn 0-0: Swinging Strike
0-1: Ball
1-1: Foul Ball, location: 2F
1-2: Ground out 5-3 (Groundball, 5S)
Top of the 10th over - 0 run(s), 0 hit(s), 0 error(s), 1 left on base; Vancouver 0 - D.C. 0
BOTTOM OF THE 10TH
D.C. Divided batting - Pitching for Vancouver Grey Wolves : RHP Nelle Liefting
Pitching: RHP Tyler Rodríguez
Pinch Hitting: LHB Sal Bradshaw 0-0: Swinging Strike
0-1: Fly out, F7 (Line Drive, 7D)
Batting: RHB Tony Romero 0-0: Ball
1-0: Ball
2-0: Called Strike
2-1: Ground out 6-3 (Groundball, 6)
Batting: RHB Arturo Rodríguez 0-0: Called Strike
0-1: Fly out, F7 (Flyball, 7)
Bottom of the 10th over - 0 run(s), 0 hit(s), 0 error(s), 0 left on base; Vancouver 0 - D.C. 0
TOP OF THE 11TH
Vancouver Grey Wolves batting - Pitching for D.C. Divided : RHP Gabriel Hidalgo
Now at SS: Sal Bradshaw
Batting: RHB Pau Arria 0-0: Ball
1-0: Ground out 5-3 (Groundball, 56)
Batting: LHB Michael Malloy 0-0: Ball
1-0: Ground out 1-3 (Groundball, 15S)
Batting: RHB Danny Walsh 0-0: Called Strike
0-1: Ball
1-1: Ball
2-1: SINGLE (Flyball, 89S)
Batting: RHB Hank Scorpio 0-0: Ball
1-0: Foul Ball, location: 2F
1-1: Ball
2-1: Ground out U3 (Groundball, 3)
Top of the 11th over - 0 run(s), 1 hit(s), 0 error(s), 1 left on base; Vancouver 0 - D.C. 0
BOTTOM OF THE 11TH
D.C. Divided batting - Pitching for Vancouver Grey Wolves : RHP Tyler Rodríguez
Batting: RHB Mario Castillo 0-0: Ball
1-0: Ball
2-0: Foul Ball, location: 2F
2-1: Ball
3-1: Base on Balls
Batting: LHB Neil Lawson 0-0: Ball
1-0: Ball
2-0: Foul Ball, location: 2F
2-1: Swinging Strike
2-2: Ball
3-2: Strikes out swinging
Batting: RHB Julián Salcido 0-0: Ground out 5-3 (Groundball, 56S)
Mario Castillo to second
Batting: LHB Mike Gardner 0-0: Ball
1-0: Ball
2-0: Ball
3-0: Called Strike
3-1: Base on Balls
Batting: RHB Daryl Moran 0-0: Fielders Choice at 2nd, 6-4 (Groundball, 6)
Bottom of the 11th over - 0 run(s), 0 hit(s), 0 error(s), 1 left on base; Vancouver 0 - D.C. 0
TOP OF THE 12TH
Vancouver Grey Wolves batting - Pitching for D.C. Divided : RHP Gabriel Hidalgo
Batting: RHB Robert O'Connor 0-0: Called Strike
0-1: Ball
1-1: Swinging Strike
1-2: Foul Ball, location: 2F
1-2: Strikes out looking
Batting: RHB Logan Namajunas 0-0: Ball
1-0: Swinging Strike
1-1: Ball
2-1: Called Strike
2-2: Ball
3-2: Foul Ball, location: 2F
3-2: Foul Ball, location: 2F
3-2: Foul Ball, location: 2F
3-2: Base on Balls
Batting: RHB Frank Grimes 0-0: Ball
1-0: Swinging Strike
1-1: Ball
2-1: Swinging Strike
2-2: Foul Ball, location: 2F
2-2: Ball
3-2: Strikes out swinging
Pitching: LHP José Sandoval
Batting: LHB Aquiles Marmelo 0-0: Hit by Pitch
Logan Namajunas to second
Batting: RHB Steve Dunn 0-0: Ball
1-0: Ball
2-0: Swinging Strike
2-1: Ball
3-1: Called Strike
3-2: Ground out 5-3 (Groundball, 56)
Top of the 12th over - 0 run(s), 0 hit(s), 0 error(s), 2 left on base; Vancouver 0 - D.C. 0
BOTTOM OF THE 12TH
D.C. Divided batting - Pitching for Vancouver Grey Wolves : RHP Tyler Rodríguez
Batting: RHB Rubén Alvarado 0-0: Foul Ball, location: 2F
0-1: Ball
1-1: Ball
2-1: Ball
3-1: Ground out 5-3 (Groundball, 56)
Batting: LHB Sal Bradshaw 0-0: Ball
1-0: Called Strike
1-1: Called Strike
1-2: Ball
2-2: Ball
3-2: Fly out, F3 (Popup, 3L)
Batting: RHB Tony Romero 0-0: Ball
1-0: Called Strike
1-1: Ground out U3 (Groundball, 3)
Bottom of the 12th over - 0 run(s), 0 hit(s), 0 error(s), 0 left on base; Vancouver 0 - D.C. 0
TOP OF THE 13TH
Vancouver Grey Wolves batting - Pitching for D.C. Divided : LHP José Sandoval
Batting: RHB Pau Arria 0-0: Called Strike
0-1: Ground out 5-3 (Groundball, 56)
Batting: LHB Michael Malloy 0-0: Ground out 4-3 (Groundball, 34D)
Batting: RHB Danny Walsh 0-0: Called Strike
0-1: Ball
1-1: Ball
2-1: Foul Ball, location: 2F
2-2: Fly out, F7 (Flyball, 7)
Top of the 13th over - 0 run(s), 0 hit(s), 0 error(s), 0 left on base; Vancouver 0 - D.C. 0
BOTTOM OF THE 13TH
D.C. Divided batting - Pitching for Vancouver Grey Wolves : RHP Tyler Rodríguez
Batting: RHB Arturo Rodríguez 0-0: Called Strike
0-1: DOUBLE (Line Drive, 8LXD)
Batting: RHB Mario Castillo 0-0: Ball
1-0: Foul Ball, location: 2F
1-1: Fly out, F7 (Line Drive, 7S)
Batting: LHB Neil Lawson 0-0: Intentional Walk
Batting: RHB Julián Salcido 0-0: Foul Ball, location: 2F
0-1: Fielders Choice at 2nd, 4-6 (Groundball, 4)
Arturo Rodríguez to third
Batting: LHB Mike Gardner 0-0: Foul Ball, location: 2F
0-1: Ball
1-1: Swinging Strike
1-2: Foul Ball, location: 2F
1-2: Strikes out looking
Bottom of the 13th over - 0 run(s), 1 hit(s), 0 error(s), 2 left on base; Vancouver 0 - D.C. 0
TOP OF THE 14TH
Vancouver Grey Wolves batting - Pitching for D.C. Divided : LHP José Sandoval
Batting: RHB Hank Scorpio 0-0: Ball
1-0: SINGLE (Groundball, 34D)
Batting: RHB Robert O'Connor 0-0: Called Strike
0-1: Swinging Strike
0-2: Ball
1-2: Strikes out swinging
Batting: RHB Logan Namajunas 0-0: Ball
1-0: Fly out, F4 (Popup, 3D)
Batting: RHB Frank Grimes 0-0: Called Strike
0-1: Called Strike
0-2: Ball
1-2: Foul Ball, location: 2F
1-2: Strikes out swinging
Top of the 14th over - 0 run(s), 1 hit(s), 0 error(s), 1 left on base; Vancouver 0 - D.C. 0
BOTTOM OF THE 14TH
D.C. Divided batting - Pitching for Vancouver Grey Wolves : RHP Tyler Rodríguez
Batting: RHB Daryl Moran 0-0: Foul Ball, location: 2F
0-1: Fly out, F7 (Flyball, 7LMF)
Batting: RHB Rubén Alvarado 0-0: Ball
1-0: Ball
2-0: Foul Ball, location: 2F
2-1: Reached on error, E6 (Groundball, 6)
Pitching: RHP Alfonso Vera
Batting: LHB Sal Bradshaw 0-0: Ball
1-0: Swinging Strike
1-1: Ball
2-1: Called Strike
2-2: Strikes out swinging
Batting: RHB Tony Romero 0-0: Foul Ball, location: 2F
0-1: Foul Ball, location: 2F
0-2: Foul Ball, location: 2F
0-2: Ball
1-2: Ball
2-2: Ball
Rubén Alvarado steals 2nd base
3-2: Fly out, F9 (Flyball, 9LS)
Bottom of the 14th over - 0 run(s), 0 hit(s), 1 error(s), 1 left on base; Vancouver 0 - D.C. 0
TOP OF THE 15TH
Vancouver Grey Wolves batting - Pitching for D.C. Divided : LHP José Sandoval
Batting: LHB Aquiles Marmelo 0-0: Ball
1-0: TRIPLE (Flyball, 89XD)
Batting: RHB Steve Dunn 0-0: Ball
1-0: Swinging Strike
1-1: Called Strike
1-2: Strikes out swinging
Batting: RHB Pau Arria 0-0: Intentional Walk
Batting: LHB Michael Malloy 0-0: Ball
1-0: Foul Ball, location: 2F
1-1: Ball
2-1: Swinging Strike
2-2: SINGLE (Line Drive, 9S)
Aquiles Marmelo scores
Pau Arria to second
Batting: RHB Danny Walsh 0-0: Foul Ball, location: 2F
0-1: Called Strike
0-2: Ball
1-2: Ball
2-2: Ball
3-2: Fly out, F7 (Line Drive, 78M)
Lined into DP, 7-4 (Line Drive, 78M)
Top of the 15th over - 1 run(s), 2 hit(s), 0 error(s), 1 left on base; Vancouver 1 - D.C. 0
BOTTOM OF THE 15TH
D.C. Divided batting - Pitching for Vancouver Grey Wolves : RHP Alfonso Vera
Batting: RHB Arturo Rodríguez 0-0: Called Strike
0-1: Ball
1-1: SINGLE (Groundball, 56D)
Batting: RHB Mario Castillo 0-0: Ball
1-0: Called Strike
1-1: Ball
2-1: Ball
3-1: Base on Balls
Arturo Rodríguez to second
Batting: LHB Neil Lawson 0-0: Called Strike
0-1: Called Strike
0-2: Ball
1-2: Fly out, F8 (Flyball, 89XD)
Runner from 2nd tags up, SAFE at 3rd, no throw
Batting: RHB Julián Salcido 0-0: Ball
1-0: Fly out, F8 (Flyball, 8RD)
Runner from 3rd tags up, SCORES, no throw
Batting: LHB Mike Gardner 0-0: Foul Ball, location: 2F
0-1: Ball
1-1: Called Strike
1-2: Ball
2-2: Ball
3-2: Strikes out swinging
Bottom of the 15th over - 1 run(s), 1 hit(s), 0 error(s), 1 left on base; Vancouver 1 - D.C. 1
TOP OF THE 16TH
Vancouver Grey Wolves batting - Pitching for D.C. Divided : LHP José Sandoval
Batting: RHB Hank Scorpio 0-0: Called Strike
0-1: Foul Ball, location: 2F
0-2: Foul Ball, location: 2F
0-2: Fly out, F9 (Flyball, 9LMF)
Batting: RHB Robert O'Connor 0-0: Foul Ball, location: 2F
0-1: Ball
1-1: Fly out, F6 (Popup, 56D)
Batting: RHB Logan Namajunas 0-0: Ball
1-0: Ball
2-0: Called Strike
2-1: Foul Ball, location: 2F
2-2: Foul Ball, location: 2F
2-2: Foul Ball, location: 2F
2-2: Strikes out looking
Top of the 16th over - 0 run(s), 0 hit(s), 0 error(s), 0 left on base; Vancouver 1 - D.C. 1
BOTTOM OF THE 16TH
D.C. Divided batting - Pitching for Vancouver Grey Wolves : RHP Alfonso Vera
Batting: RHB Daryl Moran 0-0: Called Strike
0-1: Ball
1-1: Ground out 6-3 (Groundball, 6)
Batting: RHB Rubén Alvarado 0-0: Ball
1-0: Ball
2-0: Ball
3-0: Called Strike
3-1: Base on Balls
Batting: LHB Sal Bradshaw 0-0: Ball
1-0: Called Strike
1-1: Foul Ball, location: 2F
1-2: Strikes out swinging
Batting: RHB Tony Romero 0-0: Called Strike
0-1: Ball
1-1: Ball
2-1: SINGLE (Groundball, 34D)
Rubén Alvarado to second
Runner from 2nd tries for 3rd, SAFE, throw made to third
Batting: RHB Arturo Rodríguez 0-0: Foul Ball, location: 2F
0-1: Fly out, F7 (Flyball, 78D)
Bottom of the 16th over - 0 run(s), 1 hit(s), 0 error(s), 2 left on base; Vancouver 1 - D.C. 1
TOP OF THE 17TH
Vancouver Grey Wolves batting - Pitching for D.C. Divided : LHP José Sandoval
Batting: RHB Frank Grimes 0-0: Ball
1-0: DOUBLE (Line Drive, 78XD)
Pitching: RHP Luis Fernández
Batting: LHB Aquiles Marmelo 0-0: Intentional Walk
Batting: RHB Steve Dunn 0-0: Ball
1-0: Foul Ball, location: 2F
1-1: Called Strike
1-2: Ball
2-2: Grounds into double play, 6-4-3 (Groundball, 6MD)
Frank Grimes to third
Batting: RHB Pau Arria 0-0: SINGLE (Groundball, 6MD)
Frank Grimes scores
Batting: LHB Michael Malloy 0-0: Ball
1-0: Foul Ball, location: 2F
1-1: Fielders Choice at 2nd, 4-6 (Groundball, 4)
Top of the 17th over - 1 run(s), 2 hit(s), 0 error(s), 0 left on base; Vancouver 2 - D.C. 1
BOTTOM OF THE 17TH
D.C. Divided batting - Pitching for Vancouver Grey Wolves : RHP Alfonso Vera
Batting: RHB Mario Castillo 0-0: Ball
1-0: Called Strike
1-1: Called Strike
1-2: Strikes out looking
Batting: LHB Neil Lawson 0-0: Called Strike
0-1: Ball
1-1: Ball
2-1: Called Strike
2-2: Fly out, F9 (Flyball, 9S)
Pitching: RHP Joaquín Rodríguez
Batting: RHB Julián Salcido 0-0: Ball
1-0: DOUBLE (Line Drive, 78XD)
Batting: LHB Mike Gardner 0-0: Ball
1-0: DOUBLE (Flyball, 78D)
Julián Salcido scores
Batting: RHB Daryl Moran 0-0: Called Strike
0-1: Called Strike
0-2: Foul Ball, location: 2F
0-2: Ball
1-2: Strikes out swinging
Bottom of the 17th over - 1 run(s), 2 hit(s), 0 error(s), 1 left on base; Vancouver 2 - D.C. 2
TOP OF THE 18TH
Vancouver Grey Wolves batting - Pitching for D.C. Divided : RHP Luis Fernández
Batting: RHB Danny Walsh 0-0: Foul Ball, location: 2F
0-1: Swinging Strike
0-2: Foul Ball, location: 2F
0-2: Ground out 4-3 (Groundball, 4)
Batting: RHB Hank Scorpio 0-0: DOUBLE (Line Drive, 3D)
Batting: RHB Robert O'Connor 0-0: Intentional Walk
Batting: RHB Logan Namajunas 0-0: Called Strike
0-1: Ball
1-1: Swinging Strike
1-2: Foul Ball, location: 2F
1-2: Foul Ball, location: 2F
1-2: Foul Ball, location: 2F
1-2: Strikes out swinging
Batting: RHB Frank Grimes 0-0: Fly out, F9 (Flyball, 9D)
Top of the 18th over - 0 run(s), 1 hit(s), 0 error(s), 2 left on base; Vancouver 2 - D.C. 2
BOTTOM OF THE 18TH
D.C. Divided batting - Pitching for Vancouver Grey Wolves : RHP Joaquín Rodríguez
Batting: RHB Rubén Alvarado 0-0: Called Strike
0-1: Ball
1-1: Swinging Strike
1-2: Ball
2-2: Foul Ball, location: 2F
2-2: SINGLE (Groundball, 6MD)
Batting: LHB Sal Bradshaw 0-0: Ball
1-0: Bunt missed!
1-1: Sac Bunt - play at first, batter OUT! 2-4
Rubén Alvarado to second
Batting: RHB Tony Romero 0-0: Ball
1-0: Ball
2-0: Foul Ball, location: 2F
2-1: Ground out 5-3 (Groundball, 56)
Batting: RHB Arturo Rodríguez 0-0: Swinging Strike
0-1: Ball
1-1: Foul Ball, location: 2F
1-2: Ball
2-2: Ball
3-2: Foul Ball, location: 2F
3-2: Base on Balls
Batting: RHB Mario Castillo 0-0: Called Strike
0-1: Ball
1-1: Fielders Choice at 2nd, 6-4 (Groundball, 6)
Bottom of the 18th over - 0 run(s), 1 hit(s), 0 error(s), 1 left on base; Vancouver 2 - D.C. 2
TOP OF THE 19TH
Vancouver Grey Wolves batting - Pitching for D.C. Divided : RHP Luis Fernández
Batting: LHB Aquiles Marmelo 0-0: Called Strike
0-1: Ball
1-1: Hit by Pitch
Batting: RHB Steve Dunn 0-0: Called Strike
Throwing error on steal attempt, E2
Aquiles Marmelo to third
0-1: Called Strike
0-2: Ground out 1-3 (Groundball, 13)
Batting: RHB Pau Arria 0-0: Called Strike
0-1: Ball
1-1: Ground out 5-3 (Groundball, 56)
Batting: LHB Michael Malloy 0-0: Called Strike
0-1: Foul Ball, location: 2F
0-2: DOUBLE (Line Drive, 7LS)
Aquiles Marmelo scores
Batting: RHB Danny Walsh 0-0: Ball
1-0: Called Strike
1-1: Ground out 6-3 (Groundball, 6)
Top of the 19th over - 1 run(s), 1 hit(s), 1 error(s), 1 left on base; Vancouver 3 - D.C. 2
BOTTOM OF THE 19TH
D.C. Divided batting - Pitching for Vancouver Grey Wolves : RHP Joaquín Rodríguez
Batting: LHB Neil Lawson 0-0: Called Strike
0-1: Ball
1-1: SINGLE (Groundball, 34D)
Batting: RHB Julián Salcido 0-0: Ball
1-0: Bunted foul
1-1: Ball
2-1: Bunted foul
2-2: Grounds into double play, 5-4-3 (Groundball, 56)
Batting: LHB Mike Gardner 0-0: Ground out U3 (Groundball, 34S)
Bottom of the 19th over - 0 run(s), 1 hit(s), 0 error(s), 0 left on base; Vancouver 3 - D.C. 2
Saturday, May 26th, 2018 - OOTP Baseball 17.12 Build 75